AoeStats
← The Red-Shanked Duke

Arabia

510135511Analyzed
1v1 RM · 2d ago on Sep 29, 2026· 45m 48s· 2 players
Game mode
Random Map
Map size
Tiny (2 player)
Population
200
Speed
Normal
Resources
Standard
Victory
Conquest
Starting age
Dark Age
Ending age
Imperial Age
RankedLock teamsTeams togetherTeam positionsShared explorationLock speedFull tech treeHidden civsTurbo modeCheats
Victory
Defeat
🇦🇷 Tatars · Argentina
1213
+14
🇦🇷 Berbers · Argentina
1160
-14
The Red-Shanked Duke
7:07 Loom
7:12 Loom
9:29 Feudal Age
10:18 Double-Bit Axe
11:26 Horse Collar
17:12 Scale Barding Armor
16:59 Fletching
18:43 Gold Mining
19:21 Forging
22:02 Bloodlines
25:10 Castle Age
25:54 Husbandry
26:17 Chain Barding Armor
30:21 Iron Casting
30:52 Bow Saw
31:24 Stone Mining
34:58 Wheelbarrow
40:01 Imperial Age
40:14 Heavy Camel Rider
41:54 Plate Barding Armor
42:02 Conscription
43:20 Maghrebi Camels
44:15 Hand Cart
Jericho
6:41 Loom
9:11 Feudal Age
10:33 Town Watch
13:31 Scale Barding Armor
13:21 Double-Bit Axe
15:05 Forging
19:14 Bloodlines
23:38 Castle Age
23:11 Horse Collar
25:04 Wheelbarrow
24:29 Town Patrol
24:57 Husbandry
25:51 Bow Saw
27:28 Hand Cart
37:44 Imperial Age
36:06 Iron Casting
35:52 Chain Barding Armor
35:22 Fletching
36:09 Gold Mining
36:09 Stone Mining
36:38 Heavy Plow
37:14 Silk Armor
38:08 Heavy Camel Rider
40:20 Blast Furnace
39:56 Plate Barding Armor
42:24 Conscription
42:51 Elite Skirmisher
45:39 Chemistry
Connection lost

Rejoining the realm…

Still unreachable

The connection could not be restored.

Session expired

The server has moved on; the page needs a fresh start.